 Dungeon Crawl Stone Soup version 0.24-a0-48-g0ecae65 (webtiles) character file.

Game seed: 13609799681951021638

1053 Geeful the Conjurer (level 8, -3/46 HPs)
             Began as an Octopode Conjurer on Feb 3, 2019.
             Was a Follower of Nemelex Xobeh.
             Slain by a killer bee (8 damage)
             ... on level 5 of the Dungeon.
             The game lasted 00:17:26 (3964 turns).

Geeful the Conjurer (Octopode Conjurer)             Turns: 3964, Time: 00:17:26

Health: -3/46      AC:  1    Str: 12    XL:     8   Next: 26%
Magic:  4/15       EV: 15    Int: 19    God:    Nemelex Xobeh [*.....]
Gold:   191        SH:  0    Dex: 13    Spells: 6/16 levels left

rFire    . . .     SeeInvis +   i - +7 short sword (speed)
rCold    . . .     Gourm    .   (no shield)
rNeg     . . .     Faith    .   (helmet restricted)
rPois    .         Spirit   .   (no amulet)
rElec    .         Reflect  .   f - ring of see invisible
rCorr    .         Harm     .   (no ring)
MR       .....                  (no ring)
Stlth    ++++......             (no ring)
HPRegen  0.15/turn              (no ring)
MPRegen  0.14/turn              (no ring)
                                (no ring)
                                (no ring)

@: mighty, lethally poisoned (-3 -> -5)
A: almost no armour, stealthy swim, amphibious, 8 rings, constrict 8, camouflage
1, gelatinous body 1
a: Draw Escape, Draw Destruction, Draw Summoning, Renounce Religion


You were on level 5 of the Dungeon.
You worshipped Nemelex Xobeh.
Nemelex Xobeh was aware of your devotion.
You were not hungry.

You visited 1 branch of the dungeon, and saw 5 of its levels.

You collected 191 gold pieces.

Inventory:

Hand Weapons
 i - a +7 short sword of speed (weapon)
Missiles
 m - 8 poisoned javelins (quivered)
Jewellery
 f - a ring of see invisible (left tentacle)
Scrolls
 e - 2 scrolls of enchant armour
 j - a scroll of identify
Potions
 a - a potion of invisibility {unknown}
 c - a potion of might
 g - 2 potions of mutation {unknown}
 h - a potion of flight {unknown}
 k - a potion of ambrosia {unknown}
Comestibles
 b - 10 rations
 l - 6 chunks of flesh


   Skills:
 + Level 5.0 Dodging
 - Level 4.8 Stealth
 + Level 4.6 Spellcasting
 + Level 6.1 Conjurations
 + Level 3.8 Invocations


You had 6 spell levels left.
You knew the following spells:

 Your Spells              Type           Power        Failure   Level  Hunger
a - Magic Dart            Conj           ####         1%          1    None
b - Searing Ray           Conj           ####..       1%          2    #......
c - Dazzling Spray        Conj/Hex       ###...       11%         3    ###....
d - Iskenderun's Mystic   Conj           ####....     11%         4    ####...

Your spell library contained the following spells:

 Spells                   Type           Power        Failure   Level  Hunger
 Force Lance              Conj/Tloc      ###.....     34%         4    ####...
 Fulminant Prism          Conj/Hex       ###.......   34%         4    ####...


Dungeon Overview and Level Annotations

Branches:
Dungeon (5/15)             Temple (0/1) D:4

Altars:
Dithmenos
Fedhas
Kikubaaqudgha
Nemelex Xobeh
Ru
Trog

Shops:
D:4 =

Annotations:
D:5 exclusion: 2 doors


Innate Abilities, Weirdness & Mutations

You cannot wear most types of armour.
You are very stealthy in the water. (Stealth+)
You are amphibious.
You can wear up to eight rings at the same time.
You can use your tentacles to constrict eight enemies at once.
Your skin changes colour to match your surroundings (Stealth+).
Your rubbery body absorbs attacks. (AC +1, EV +1)


Message History

You are poisoned.
The killer bee poisons you! The killer bee stings you!
* * * LOW HITPOINT WARNING * * *
You miss the killer bee. You grab the killer bee. You constrict the killer bee.
You feel sick. The killer bee closely misses you.
The killer bee barely misses you. The killer bee misses you.
You impale the killer bee!!
You kill the killer bee!
Your Dodging skill increases to level 5!
The killer bee misses you.
You miss the killer bee. Your grab misses the killer bee.
You squeeze the killer bee!
The killer bee is heavily wounded.
The killer bee stings you.
* * * LOW HITPOINT WARNING * * *
You draw a card...
You have drawn the Cloud.
Clouds appear around you!
The deck of cards glows with a rainbow of weird colours and disappears.
You feel sick. The killer bee stings you!
You die...
Your body disappears without a glow.

.# #............#.# .#
#.##########.#.# .########.#
#.#.# ......y...# #.#.#
.....>.##.# #...# .#
.#####.##.###### #..## ##.# ..##
#.........# #..# ....#
##.###.##.####§#####..# ###....#
##.....##....☼yy@.....# #....#
...###.#..###§§######.###)#..#.##
............((...(......†........
..............y..())).))K).......
≈≈≈≈≈≈≈..≈≈≈....).)).≈≈≈≈.≈≈≈≈..≈
≈≈≈≈≈≈≈≈≈≈≈≈≈....(≈≈≈≈≈≈≈≈≈≈≈≈≈≈≈
≈≈≈≈≈≈≈≈≈≈≈≈≈(y...≈≈≈≈≈≈≈≈≈≈≈≈≈≈≈
≈≈≈≈≈≈≈≈≈≈≈≈≈≈y....≈≈≈≈≈≈≈≈≈≈≈≈≈≈
###############''################


You could see 2 killer bees.

Vanquished Creatures
  Sigmund (D:2)
  A phantom (D:4)
  2 ogres (D:4)
  A scorpion (D:4)
  3 killer bees (D:5)
  2 orc priests
  3 orc wizards (D:5)
  2 iguanas (D:4)
  A worker ant (D:4)
  A hound skeleton (D:2)
  2 adders
  5 worms
  4 dart slugs
  3 leopard geckos
  6 orcs
  5 giant cockroaches
  6 goblins
  3 hobgoblins
  A quokka (D:4)
  2 bats
  2 frilled lizards
  A jackal skeleton (D:3)
  12 kobolds
  8 rats
77 creatures vanquished.

Vanquished Creatures (others)
  Edmund (D:5)
  A human (D:3)
  An orc (D:5)
3 creatures vanquished.

Grand Total: 80 creatures vanquished

Notes
Turn   | Place    | Note
-------+----------+-------------------------------------------
     0 | D:1      | Geeful the Octopode Conjurer began the quest for the Orb.
     0 | D:1      | Reached XP level 1. HP: 11/11 MP: 3/3
   143 | D:1      | You fall through a shaft!
   183 | D:2      | Reached XP level 2. HP: 17/17 MP: 5/5
   190 | D:2      | Learned a level 2 spell: Searing Ray
   819 | D:1      | Reached XP level 3. HP: 16/21 MP: 6/6
  1050 | D:2      | Learned a level 3 spell: Dazzling Spray
  1069 | D:2      | Noticed Sigmund
  1076 | D:2      | Killed Sigmund
  1076 | D:2      | Reached XP level 4. HP: 14/27 MP: 3/8
  1076 | D:2      | Reached XP level 5. HP: 16/31 MP: 3/9
  1258 | D:2      | Found a sacrificial altar of Ru.
  1371 | D:2      | Found a blossoming altar of Fedhas.
  1378 | D:2      | Learned a level 4 spell: Iskenderun's Mystic Blast
  1407 | D:2      | Found a sparkling altar of Nemelex Xobeh.
  1468 | D:2      | Became a worshipper of Nemelex Xobeh the Trickster
  1737 | D:2      | Received a gift from Nemelex Xobeh
  1927 | D:3      | Reached XP level 6. HP: 36/36 MP: 10/10
  2030 | D:3      | Found an ancient bone altar of Kikubaaqudgha.
  2043 | D:3      | Noticed a human
  2045 | D:3      | Killed a human
  2516 | D:4      | Found Hima's Jewellery Boutique.
  2544 | D:4      | Reached * piety under Nemelex Xobeh
  2559 | D:4      | Found a shadowy altar of Dithmenos.
  2571 | D:4      | Reached skill level 5 in Conjurations
  2571 | D:4      | Reached skill level 1 in Invocations
  2685 | D:4      | Noticed a phantom
  2699 | D:4      | Killed a phantom
  2866 | D:4      | Reached XP level 7. HP: 41/41 MP: 3/12
  3111 | D:4      | Found a staircase to the Ecumenical Temple.
  3686 | D:5      | Entered Level 5 of the Dungeon
  3697 | D:5      | Found a bloodstained altar of Trog.
  3760 | D:5      | Noticed Edmund
  3769 | D:5      | Killed Edmund
  3771 | D:5      | Reached XP level 8. HP: 45/46 MP: 11/14
  3784 | D:5      | Reached skill level 6 in Conjurations
  3962 | D:5      | Reached skill level 5 in Dodging
  3964 | D:5      | Slain by a killer bee

Vault maps used:
D:1:      sevenhm_arrival_forest_fort_small_4
D:2:      minitemple, nicolae_ru_the_path_less_chosen, uniq_sigmund
D:3:      first_ration, tgw_kikubaaqudgha
D:4:      grunt_dithmenos_smoke_and_mirrors, lemuel_temple_firewalk_a,
          serial_shops, shop
D:5:      minmay_goblin_kobold_castle, bloody_trog, uniq_edmund

Skill      XL: |  1  2  3  4  5  6  7  8 |
---------------+-------------------------+-----
Stealth        | 3 4 |  4.8
Dodging        | 3 4 5 |  5.0
Spellcasting   | 3 4 |  4.6
Conjurations   | 5 6 |  6.1
Invocations    | 2 3 |  3.8

Action                   |  1- 3 |  4- 6 |  7- 9 || total
-------------------------+-------+-------+-------++-------
Melee: Unarmed           |    18 |       |       ||    18
       Constrict         |    14 |    11 |     3 ||    28
       Short sword       |    21 |    48 |    30 ||    99
       Tentacles         |     4 |     5 |     4 ||    13
Throw: Javelin           |     2 |       |       ||     2
 Cast: Magic Dart        |     6 |       |     4 ||    10
       Searing Ray       |     5 |     5 |     6 ||    16
       Iskenderun's Myst |       |     2 |     5 ||     7
 Abil: Draw Destruction  |       |       |     5 ||     5
       Draw Escape       |       |       |     4 ||     4
  Use: Scroll            |     9 |     1 |     1 ||    11
       Potion            |       |       |     6 ||     6
 Stab: Sleeping          |     7 |     8 |     4 ||    19
       Distracted        |       |     1 |       ||     1
  Eat: Chunk             |     1 |     5 |     5 ||    11
Armor: Skin              |     2 |     1 |     3 ||     6
Dodge: Dodged            |    18 |    24 |    44 ||    86

Table legend:
 A = Non-vault XP
 B = Vault XP
 C = Vault XP percentage of total XP
 D = Non-vault monster count
 E = Vault monster count
 F = Vault count percentage of total count
                 A         B        C        D         E       F
            +---------+---------+-------+---------+---------+-------
      Total |    1116 |     389 |  25.8 |      73 |       6 |   7.6
            +---------+---------+-------+---------+---------+-------
        D:1 |      36 |       0 |   0.0 |      18 |       0 |   0.0
        D:2 |      48 |     227 |  82.5 |      14 |       1 |   6.7
        D:3 |      43 |       0 |   0.0 |      14 |       0 |   0.0
        D:4 |     618 |       0 |   0.0 |      14 |       0 |   0.0
        D:5 |     371 |     162 |  30.4 |      13 |       5 |  27.8
            +---------+---------+-------+---------+---------+-------
